 Dungeon Crawl Stone Soup version 0.24.0-123-gd5b16e6ec5 (webtiles) character file.

Game seed: 10148587159906923956, levelgen mode: deterministic

273537 McKennaii the Eclecticist (level 19, -4/151 HPs)
             Began as a Yellow Draconian Conjurer on Jan 26, 2020.
             Was the Champion of Vehumet.
             Killed from afar by a deep elf knight (20 damage)
             ... with a stone arrow
             ... on level 1 of the Elven Halls.
             The game lasted 02:59:41 (55754 turns).

McKennaii the Eclecticist (DrCj)                   Turns: 55754, Time: 02:59:42

Health: -4/151     AC: 17    Str: 11    XL:     19   Next: 50%
Magic:  30/52      EV: 16    Int: 23    God:    Vehumet [******]
Gold:   1372       SH:  0    Dex: 12    Spells: 7/58 levels left

rFire    . . .     SeeInvis +   s - staff of conjuration
rCold    + + .     Gourm    .   (no shield)
rNeg     + . .     Faith    .   (armour unavailable)
rPois    +         Spirit   .   l - +2 hat {SInv}
rElec    .         Reflect  .   t - +2 cloak {rPois}
rCorr    +         Harm     .   N - +0 pair of gloves
MR       ++...                  O - +0 pair of boots
Stlth    +++.......             y - amulet of magic regeneration
HPRegen  0.35/turn              B - ring of the Eagle {rC+ rN+ Slay+2}
MPRegen  0.58/turn              R - ring "Fotiobe" {rC+ MR+ MP+9}

@: about to teleport
A: spit acid, unfitting armour, acidic bite, cold-blooded, acid resistance, AC
+10
}: 2/15 runes: serpentine, barnacled
a: Breathe Acid, Renounce Religion


You were on level 1 of the Elven Halls.
You worshipped Vehumet.
Vehumet was exalted by your worship.
You were not hungry.

You visited 7 branches of the dungeon, and saw 34 of its levels.
You also visited: Gauntlet.

You collected 2932 gold pieces.
You spent 1560 gold pieces at shops.

Inventory:

Hand Weapons
 a - the +7 rapier of Watchfulness {pierce, +Blink +Inv Dex-2}
   (You took it off an orc wizard on level 10 of the Dungeon)

   It inflicts extra damage upon your enemies.
   It affects your dexterity (-2).
   It lets you turn invisible.
   It lets you blink.
 d - the +7 scythe of Eternal Harmony {protect, +Inv rPois Dex+2}
   (You found it on level 6 of the Lair of Beasts)

   It grants its wielder temporary protection when it strikes (+7 to AC).
   It affects your dexterity (+2).
   It protects you from poison.
   It lets you turn invisible.
 Y - the +5 flail "Qetor" {flame, rN+ Dex+6, unknown}
   (You found it on level 1 of the Elven Halls)

   It has been specially enchanted to burn those struck by it, causing extra
   injury to most foes and up to half again as much damage against particularly
   susceptible opponents.
   It affects your dexterity (+6).
   It protects you from negative energy.
Armour
 l - a +2 hat of see invisible (worn)
 t - a +2 cloak of poison resistance (worn)
 N - a +0 pair of gloves (worn)
 O - a +0 pair of boots (worn)
 T - the +10 large shield of Ignorance {rN+ Int-4}
   (You found it on level 1 of the Orcish Mines)

   It affects your intelligence (-4).
   It protects you from negative energy.
Magical Staves
 s - an uncursed staff of conjuration (weapon)
Jewellery
 q - an uncursed ring of protection from fire
 y - an amulet of magic regeneration (around neck)
 B - the ring of the Eagle (left hand) {rC+ rN+ Slay+2}
   (You took it off an orc on level 8 of the Dungeon)

   [ring of protection from cold]

   It affects your accuracy and damage with ranged weapons and melee attacks
   (+2).
   It protects you from cold.
   It protects you from negative energy.
 Q - an uncursed ring of protection from fire
 R - the ring "Fotiobe" (right hand) {rC+ MR+ MP+9}
   (You found it on level 13 of the Dungeon)

   [ring of magical power]

   It protects you from cold.
   It affects your resistance to hostile enchantments.
   It affects your magic capacity (+9).
Wands
 m - a wand of disintegration (61)
 r - a wand of iceblast (21)
 v - a wand of polymorph (43)
 A - a wand of enslavement (8)
 C - a wand of digging (20)
 D - a wand of paralysis (29)
 F - a wand of random effects (29)
 G - a wand of flame (23)
 U - a wand of scattershot (5)
 X - a wand of acid (8)
Scrolls
 c - 15 scrolls of remove curse
 i - 2 scrolls of fear
 k - 12 scrolls of amnesia
 o - 3 scrolls of teleportation
 x - 4 scrolls of enchant weapon
 E - 2 scrolls of brand weapon
 H - 3 scrolls of enchant armour
 J - 5 scrolls of fog
 K - 2 scrolls of silence
 L - 5 scrolls of magic mapping
 M - a scroll of vulnerability
 P - 4 scrolls of acquirement
 V - a scroll of identify
 Z - a scroll of holy word
Potions
 e - 4 potions of resistance
 f - 3 potions of agility
 g - 6 potions of lignification
 h - 15 potions of curing
 j - 3 potions of brilliance
 n - 4 potions of might
 p - 7 potions of mutation
 u - 6 potions of berserk rage
 w - a potion of invisibility
 I - 7 potions of flight
 S - 2 potions of cancellation
 W - 3 potions of magic
Comestibles
 b - 30 rations
 z - a chunk of flesh


   Skills:
 * Level 9.3 Fighting
 - Level 1.2 Polearms
 + Level 7.5 Dodging
 + Level 5.1 Stealth
 + Level 20.2 Spellcasting
 * Level 19.7 Conjurations
 * Level 13.7 Ice Magic
 + Level 0.2 Air Magic
 + Level 1.2 Evocations


You had 7 spell levels left.
You knew the following spells:

 Your Spells              Type           Power        Failure   Level  Hunger
a - Magic Dart            Conj           ####         0%          1    None
b - Throw Frost           Conj/Ice       ######       0%          2    None
c - Iskenderun's Mystic   Conj           ########     0%          4    None
d - Throw Icicle          Conj/Ice       ########     0%          4    None
e - Bolt of Fire          Conj/Fire      #######...   1%          6    ###....
f - Conjure Ball Lightni  Conj/Air       #######...   1%          6    ###....
g - Freezing Cloud        Conj/Ice/Air   #######...   1%          6    ###....
h - Iron Shot             Conj/Erth      #######...   1%          6    ###....
i - Orb of Destruction    Conj           ########..   1%          7    #####..
j - Glaciate              Conj/Ice       ########..   45%         9    #######

Your spell library contained the following spells:

 Spells                   Type           Power        Failure   Level  Hunger
 Chain Lightning          Conj/Air       #######...   45%         8    ######.
 Tornado                  Air            ###.......   100%        9    #######
 Freeze                   Ice            ####         0%          1    None
 Searing Ray              Conj           ######       0%          2    None
 Confusing Touch          Hex            ###...       1%          1    None
 Corona                   Hex            ###....      1%          1    None
 Summon Butterflies       Summ           ###.....     1%          1    None
 Ensorcelled Hibernation  Hex/Ice        ######       1%          2    None
 Dazzling Spray           Conj/Hex       ######       1%          3    None
 Ignite Poison            Fire/Tmut/Pois ###.....     1%          3    None
 Inner Flame              Hex/Fire       ###.....     1%          3    None
 Ozocubu's Armour         Chrm/Ice       ######..     1%          3    None
 Force Lance              Conj/Tloc      #######.     1%          4    None
 Fulminant Prism          Conj/Hex       #######...   1%          4    None
 Summon Ice Beast         Ice/Summ       ######..     1%          4    None
 Fireball                 Conj/Fire      #######...   1%          5    None
 Irradiate                Conj/Tmut      #######...   1%          5    None
 Poison Arrow             Conj/Pois      #######...   1%          6    ###....
 Slow                     Hex            ###.....     3%          2    None
 Metabolic Englaciation   Hex/Ice        ######....   3%          5    None
 Confuse                  Hex            ###.....     6%          3    None
 Gell's Gravitas          Tloc           ###.......   6%          3    None
 Portal Projectile        Hex/Tloc       ###...       6%          3    None
 Recall                   Summ/Tloc      N/A          6%          3    None
 Yara's Violent Unravell  Hex/Tmut       ###.......   16%         5    None
 Cause Fear               Hex            ###.......   21%         4    None
 Leda's Liquefaction      Hex/Erth       ###.......   21%         4    None
 Petrify                  Tmut/Erth      ###.....     21%         4    None
 Summon Mana Viper        Hex/Summ       ###.....     50%         5    None
 Hydra Form               Tmut           ###.......   97%         6    ###....
 Invisibility             Hex            ###.....     97%         6    ###....
 Statue Form              Tmut/Erth      ###......    97%         6    ###....
 Dragon Form              Tmut           ###.......   100%        7    #####..
 Ring of Flames           Chrm/Fire      ###.......   100%        7    #####..
 Lehudib's Crystal Spear  Conj/Erth      #######...   50%         8    ######.
 Ignition                 Fire           ###.......   100%        8    ######.
 Fire Storm               Conj/Fire      #######...   100%        9    #######


Dungeon Overview and Level Annotations

Branches:
Dungeon (15/15)            Temple (1/1) D:5            Lair (6/6) D:10
 Shoals (4/4) Lair:4        Snake (4/4) Lair:3        Slime (0/5) Lair:6
    Orc (2/2) D:10            Elf (2/3) Orc:2        Vaults (0/5) D:14
 Depths (0/5) D:15        Gauntlet (visited)

Altars:
Ashenzari
Cheibriados
Dithmenos
Elyvilon
Fedhas
Gozag
Hepliaklqana
Kikubaaqudgha
Makhleb
Nemelex Xobeh
Okawaru
Qazlal
Ru
Sif Muna
Trog
Uskayaw
Vehumet
Wu Jian
Xom
Yredelemnul
Zin
The Shining One
Beogh

Shops:
D:7 ?   D:8 *   D:9 }   D:12 ?   D:14 =(   Orc:2 :%=*   Elf:1 (   Snake:1 (=}}

Portals:
Bazaar: Snake:4
Trove: D:10 (give horn of Geryon)

Annotations:
D:3 Grinder
D:10 2 transporters
Shoals:1 1 runed translucent door, Alannah's ghost, journeyman GrFi


Innate Abilities, Weirdness & Mutations

You can spit globs of acid.
Your golden yellow scales are hard. (AC +10)
You cannot fit into any form of body armour.
You have acidic saliva.
You are cold-blooded and may be slowed by cold attacks.
You are resistant to acid. (rCorr)


Message History

You feel a surge of power!
The deep elf knight points at you and mumbles some strange words.
The stone arrow hits you!! The deep elf mage casts a spell at you.
The shard of ice hits you! You partially resist.
Your orb of destruction hits a rock wall.
The deep elf knight gestures at you while chanting.
The orb of energy hits you!
* * * LOW HITPOINT WARNING * * *
Okay, then.
As you read the scroll of teleportation, it crumbles to dust.
You feel strangely unstable.
The deep elf knight casts a spell at you.
The stone arrow hits you!!
* * * LOW HITPOINT WARNING * * *
The deep elf mage casts a spell.
The deep elf mage blinks!
The deep elf knight casts a spell at you.
The stone arrow hits you!!
You die...

...#...#.....#..#...#..#.........
...#.........#..#...#..#.........
.##..###'##..#..+...+..'..#####'#
#.........#..#..#...#..#..#.=....
.).#......#..#..#...#..#..'......
).#.......#..#..#.).#..#..#......
)##.......#..#..#'###..#..#######
).#########..'.........#......>..
.............#.[@..?...#.....)...
.............#.e#####..#..#######
##############..#...#..#..#......
...............§#.e.#..#..+......
................#..§#..#..###'###
##############..#..>#..#.........
.............'e.'...#..#.........
.............#..#...'..#'########
###########..#.°#...#............


You could see a deep elf knight and a deep elf mage.

Vanquished Creatures
  Saint Roka (Orc:2)
  Vashnia (Snake:2)
  Jorgrun (Snake:1)
  Asterion (Snake:2)
  Agnes (Snake:2)
  Gastronok (Lair:1)
  Kirke (D:15)
  Roxanne (Snake:2)
  15 nagarajas
  Aizul (Snake:2)
  2 orc warlords
  A deep elf demonologist (Elf:2)
  The ghost of AlterAsc the Black Belt, a journeyman DsGl of Wu Jian (Lair:6)
  A deep elf annihilator (Elf:1)
  A minotaur (Gauntlet)
  The ghost of Xerdoz the Martial Artist, a journeyman OpTm (Lair:6)
  The ghost of Xerdoz the Martial Artist, a journeyman OpTm of Sif Muna (Lair:6)
  A death ooze (Gauntlet)
  6 merfolk javelineers
  7 merfolk impalers
  5 vault guards
  2 rakshasas
  2 catoblepae
  6 hydras
  4 merfolk avatars (Shoals:4)
  2 alligator snapping turtles
  11 anacondas
  A death knight (D:15)
  27 naga warriors
  A satyr (Shoals:2)
  6 dancing weapons (Elf:1)
  13 two-headed ogres
  A two-headed ogre (shapeshifter) (D:15)
  A deep troll shaman (Lair:6)
  2 merfolk aquamancers (Shoals:4)
  3 tengu warriors
  8 death yaks (Lair:6)
  4 orc high priests (Orc:2)
  8 shock serpents
  3 deep elf knights (Elf:1)
  22 naga sharpshooters
  4 salamander mystics
  Nergalle (D:12)
  2 skeletal warriors
  7 sea snakes
  3 unseen horrors
  4 naga ritualists
  A kraken simulacrum (Shoals:4)
  A wizard (Elf:1)
  2 deep elf archers (Elf:1)
  A lindwurm (shapeshifter) (D:15)
  Pikel (D:4)
  A glowing orange brain (D:15)
  A phantasmal warrior (D:15)
  16 harpies
  4 orange crystal statues (Orc:1)
  5 orc knights
  A wolf spider zombie (D:13)
  26 deep elf magi
  An oklob plant (Gauntlet)
  10 manticores
  26 ugly things
  5 orc sorcerers (Orc:2)
  5 mana vipers
  14 fauns
  3 cyclopes
  6 elephants
  13 salamanders
  A guardian serpent (shapeshifter) (Elf:1)
  13 naga magi
  A torpor snail (Lair:6)
  Maurice (D:9)
  33 black mambas
  11 merfolk sirens
  A smoke demon (Gauntlet)
  11 water nymphs
  2 gargoyles
  9 spiny frogs
  A spiny frog (shapeshifter) (D:14)
  7 guardian serpents (Snake:4)
  A kobold demonologist (D:13)
  A hellion (Gauntlet)
  A rime drake (Lair:6)
  3 freezing wraiths
  9 komodo dragons
  30 merfolk
  A tengu conjurer (Shoals:1)
  8 trolls
  6 wind drakes
  2 polar bears (Lair:6)
  A raiju (shapeshifter) (D:15)
  2 hornets
  4 blink frogs
  9 hippogriffs
  15 slime creatures
  2 dream sheep (Lair:6)
  8 snapping turtles
  A shadow (D:13)
  2 vampires
  3 water elementals
  3 wraiths
  25 yaks
  5 basilisks
  6 wyverns
  6 hogs (D:15)
  2 fire elementals (Elf:1)
  A golden eye (shapeshifter) (D:13)
  3 hungry ghosts
  Grum (D:10)
  2 vampire mosquitoes (D:12)
  4 wargs
  2 soldier ants (D:13)
  79 nagas
  5 acid dragons
  7 porcupines
  12 water moccasins
  A hell hound (Gauntlet)
  A swamp drake (D:10)
  4 ice beasts
  A hornet zombie (D:6)
  5 sky beasts
  An eye of draining (D:14)
  4 black bears
  A necrophage (D:14)
  50 orc warriors
  4 phantoms
  2 boggarts (Elf:1)
  21 ogres
  20 wolves
  8 centaurs
  10 crocodiles
  15 bullfrogs
  An earth elemental (Elf:1)
  A wyvern zombie (D:11)
  A gnoll sergeant (D:6)
  2 scorpions
  9 killer bees
  6 howler monkeys
  5 wights (D:14)
  6 electric eels
  6 crimson imps
  A bullfrog zombie (D:12)
  4 centaur zombies
  4 hounds
  A wyvern simulacrum (D:14)
  A quasit (D:7)
  A bullfrog skeleton (D:12)
  9 jellies
  34 orc priests
  30 orc wizards
  5 centaur skeletons
  5 iguanas
  16 worker ants
  A killer bee zombie (D:7)
  A hound zombie (D:11)
  Robin (D:4)
  2 worker ant zombies
  17 gnolls
  17 adders
  4 shadow imps
  An adder skeleton (D:6)
  4 worms
  4 dart slugs
  7 leopard geckos
  129 orcs
  5 bats
  4 giant cockroaches
  18 goblins
  3 hobgoblins
  14 jackals
  12 kobolds
  A quokka (D:4)
  3 ball pythons
  12 frilled lizards
  3 jackal skeletons
  A leopard gecko skeleton (D:5)
  10 rats
  A fungus (Lair:6)
  A plant (Shoals:3)
1277 creatures vanquished.

Vanquished Creatures (collateral kills)
  2 naga warriors (Snake:4)
  2 naga ritualists (Snake:4)
  A naga mage (Snake:4)
  2 nagas (Snake:4)
7 creatures vanquished.

Vanquished Creatures (others)
  An orc wizard (D:4)
  An orc priest (D:4)
  3 orcs (D:4)
  4 fungi
  8 plants
  4 tentacles (Shoals:4)
21 creatures vanquished.

Grand Total: 1305 creatures vanquished

Notes
Turn   | Place    | Note
-------+----------+-------------------------------------------
     0 | D:1      | McKennaii the Draconian Conjurer began the quest for the
                  | Orb.
     0 | D:1      | Reached XP level 1. HP: 14/14 MP: 3/3
   309 | D:1      | Reached XP level 2. HP: 22/22 MP: 0/5
  1115 | D:1      | Reached XP level 3. HP: 26/27 MP: 0/6
  1829 | D:2      | Reached XP level 4. HP: 34/34 MP: 2/8
  1888 | D:2      | Learned a level 4 spell: Iskenderun's Mystic Blast
  2014 | D:2      | Found a snail-covered altar of Cheibriados.
  2132 | D:2      | Found a burning altar of Makhleb.
  2333 | D:2      | Reached skill level 5 in Conjurations
  2531 | D:3      | Reached skill level 3 in Spellcasting
  2579 | D:3      | Found a shadowy altar of Dithmenos.
  2589 | D:3      | Noticed a phantom
  2621 | D:2      | Reached XP level 5. HP: 32/39 MP: 0/10
  2844 | D:3      | Noticed a black bear
  2856 | D:3      | Killed a black bear
  2856 | D:3      | Reached skill level 4 in Spellcasting
  2983 | D:3      | Reached XP level 6. HP: 34/46 MP: 5/12
  2985 | D:3      | Reached skill level 1 in Fighting
  3361 | D:3      | Found an opulent altar of Gozag.
  3451 | D:3      | Found a sacrificial altar of Ru.
  3703 | D:3      | Found a glowing golden altar of the Shining One.
  3780 | D:3      | Noticed Grinder
  3887 | D:3      | Reached skill level 5 in Spellcasting
  3887 | D:3      | Your scales start taking on a golden yellow colour.
  3887 | D:3      | Reached XP level 7. HP: 17/52 MP: 5/14
  3887 | D:3      | Gained mutation: You are resistant to acid. (rCorr) [Yellow
                  | Draconian growth]
  4435 | D:4      | Noticed Robin
  4464 | D:4      | Noticed Pikel
  4473 | D:4      | Killed Robin
  4480 | D:4      | Killed Pikel
  4480 | D:4      | Reached skill level 6 in Spellcasting
  4480 | D:4      | Reached XP level 8. HP: 42/61 MP: 5/17
  4704 | D:4      | Found an ancient bone altar of Kikubaaqudgha.
  5085 | D:5      | Entered Level 5 of the Dungeon
  5089 | D:5      | Found a staircase to the Ecumenical Temple.
  5168 | Temple   | Entered the Ecumenical Temple
  5376 | Temple   | Became a worshipper of Vehumet
  6059 | D:5      | Reached skill level 7 in Spellcasting
  6644 | D:6      | Found a shimmering blue altar of Sif Muna.
  7063 | D:6      | Found an ornate altar of the Wu Jian Council.
  7396 | D:7      | Noticed a hippogriff
  7400 | D:7      | Killed a hippogriff
  7400 | D:7      | Reached skill level 8 in Spellcasting
  7400 | D:7      | Reached XP level 9. HP: 68/68 MP: 8/21
  7472 | D:7      | Reached * piety under Vehumet
  7472 | D:7      | Offered knowledge of Sting by Vehumet.
  7688 | D:7      | Found Xayxyorph's Magic Scroll Emporium.
  7739 | D:7      | Bought a scroll of identify for 26 gold pieces
  7739 | D:7      | Bought a scroll of identify for 26 gold pieces
  7739 | D:7      | Bought a scroll of blinking for 97 gold pieces
  7739 | D:7      | Bought a scroll of noise for 13 gold pieces
  7739 | D:7      | Bought a scroll of identify for 26 gold pieces
  7739 | D:7      | Bought a scroll of identify for 26 gold pieces
  7944 | D:7      | Noticed a brown ugly thing
  7957 | D:7      | Killed a brown ugly thing
  7957 | D:7      | Reached skill level 9 in Spellcasting
  8056 | D:7      | Found a hazy altar of Hepliaklqana.
  8119 | D:7      | Found a shattered altar of Ashenzari.
  8143 | D:8      | Found Zin's Purification Station.
  8143 | D:8      | Found a glowing silver altar of Zin.
  8306 | D:8      | Noticed a two-headed ogre
  8314 | D:8      | Killed a two-headed ogre
  8314 | D:8      | Reached skill level 10 in Spellcasting
  8485 | D:8      | Found a blossoming altar of Fedhas.
  8494 | D:8      | Reached XP level 10. HP: 75/75 MP: 21/24
  8517 | D:8      | Identified the ring of the Eagle {rC+ rN+ Slay+2}
  8542 | D:8      | Offered knowledge of Sandblast by Vehumet.
  8542 | D:8      | Reached ** piety under Vehumet
  9521 | D:9      | Offered knowledge of Throw Frost by Vehumet.
  9525 | D:9      | Learned a level 2 spell: Throw Frost
  9584 | D:9      | Found Pihoug's Gadget Emporium.
  9708 | D:9      | Noticed Maurice
  9719 | D:9      | Killed Maurice
  9719 | D:9      | Reached skill level 11 in Spellcasting
  9719 | D:9      | Reached skill level 1 in Ice Magic
  9725 | D:9      | Noticed a two-headed ogre
  9789 | D:9      | Killed a two-headed ogre
 10062 | D:10     | Entered Level 10 of the Dungeon
 10140 | D:10     | Reached *** piety under Vehumet
 10157 | D:10     | Reached skill level 10 in Conjurations
 10158 | D:10     | Noticed a two-headed ogre
 10234 | D:10     | Noticed a two-headed ogre
 10240 | D:10     | Killed a two-headed ogre
 10240 | D:10     | Reached XP level 11. HP: 82/82 MP: 11/26
 10281 | D:10     | Identified the +7 rapier of Watchfulness {pierce, +Blink
                  | +Inv Dex-2}
 10369 | D:10     | Noticed a wizard
 10370 | D:10     | Found a transporter.
 10370 | D:10     | Noticed an orc knight
 10370 | D:10     | Noticed a wolf spider
 10371 | D:10     | Noticed a sphinx
 10371 | D:10     | Noticed a yaktaur captain
 10384 | D:10     | Found a transporter.
 10445 | D:10     | Killed a two-headed ogre
 10573 | D:10     | Offered knowledge of Throw Icicle by Vehumet.
 10579 | D:10     | Learned a level 4 spell: Throw Icicle
 10595 | D:10     | Found a staircase to the Lair.
 10598 | D:10     | Noticed Grum
 10605 | D:10     | Killed Grum
 11012 | D:10     | Noticed a vault guard
 11019 | D:10     | Killed a vault guard
 11019 | D:10     | Reached skill level 12 in Spellcasting
 11071 | D:10     | Found a portal to a secret trove of treasure.
 11167 | D:10     | Reached **** piety under Vehumet
 11567 | D:10     | Offered knowledge of Mephitic Cloud by Vehumet.
 11584 | D:10     | Found a staircase to the Orcish Mines.
 11947 | D:11     | Noticed a red ugly thing
 12240 | D:11     | Killed a red ugly thing
 12789 | D:11     | Killed an unseen horror
 13101 | Lair:1   | Entered Level 1 of the Lair of Beasts
 13533 | Lair:1   | Reached ***** piety under Vehumet
 13533 | Lair:1   | Reached XP level 12. HP: 84/91 MP: 15/28
 13587 | Lair:1   | Offered knowledge of Bolt of Fire by Vehumet.
 13595 | Lair:1   | Learned a level 6 spell: Bolt of Fire
 13733 | Lair:1   | Noticed Gastronok
 13764 | Lair:1   | Killed Gastronok
 13764 | Lair:1   | Reached skill level 5 in Dodging
 13764 | Lair:1   | Reached skill level 5 in Ice Magic
 14521 | D:11     | Noticed a two-headed ogre
 14530 | D:11     | Killed a two-headed ogre
 14530 | D:11     | Reached skill level 13 in Spellcasting
 14982 | D:12     | Reached skill level 1 in Evocations
 15212 | D:12     | Noticed Nergalle
 15228 | D:12     | Killed Nergalle
 15351 | D:12     | Found Xeorredd's Magic Scroll Shoppe.
 15355 | D:12     | Bought a scroll of magic mapping for 49 gold pieces
 15355 | D:12     | Bought a scroll of teleportation for 42 gold pieces
 15355 | D:12     | Bought a scroll of blinking for 105 gold pieces
 15355 | D:12     | Bought a scroll of identify for 28 gold pieces
 15355 | D:12     | Bought a scroll of identify for 28 gold pieces
 15355 | D:12     | Bought a scroll of identify for 28 gold pieces
 15355 | D:12     | Bought a scroll of identify for 28 gold pieces
 16230 | D:13     | Found a gate leading to a gauntlet.
 16245 | Gauntlet | Entered a Gauntlet
 16245 | Gauntlet | Found a transporter.
 16245 | Gauntlet | Found a transporter.
 16246 | Gauntlet | Found a transporter.
 16247 | Gauntlet | Found a transporter.
 16248 | Gauntlet | Found a transporter.
 16250 | Gauntlet | Found a transporter.
 16259 | Gauntlet | Found a transporter.
 16260 | Gauntlet | Found a transporter.
 16262 | Gauntlet | Found a transporter.
 16263 | Gauntlet | Found a transporter.
 16264 | Gauntlet | Noticed a death ooze
 16272 | Gauntlet | Found a transporter.
 16272 | Gauntlet | Found a transporter.
 16288 | Gauntlet | Noticed a blizzard demon
 16560 | Gauntlet | Killed a death ooze
 16684 | Gauntlet | Got an ancient cloak
 16739 | Gauntlet | Identified the amulet of Scepticism {RegenMP rC- rN++ Dex-5
                  | Slay+5}
 16739 | Gauntlet | Noticed a minotaur
 16745 | Gauntlet | Killed a minotaur
 16745 | Gauntlet | Reached XP level 13. HP: 11/99 MP: 17/30
 16806 | Gauntlet | Identified the +0 cloak of the Echidna {SInv} (You found it
                  | in a Gauntlet)
 17143 | D:13     | Got a bound lapis lazuli ring
 17563 | D:13     | Identified the ring "Fotiobe" {rC+ MR+ MP+9} (You found it
                  | on level 13 of the Dungeon)
 18051 | D:13     | Reached skill level 14 in Spellcasting
 18329 | D:14     | Reached skill level 5 in Fighting
 19322 | D:14     | Offered knowledge of Irradiate by Vehumet.
 19583 | D:14     | Gained mutation: You have acidic saliva. [Yellow Draconian
                  | growth]
 19583 | D:14     | Reached XP level 14. HP: 107/107 MP: 16/32
 19858 | D:14     | Found a gate to the Vaults.
 20067 | D:14     | Found Cestrif's Weapon Emporium.
 20167 | D:14     | Found Dauroh's Jewellery Shop.
 20197 | D:15     | Entered Level 15 of the Dungeon
 20870 | D:15     | Reached skill level 15 in Spellcasting
 21054 | D:15     | Noticed Kirke
 21447 | D:15     | Killed Kirke
 21519 | D:15     | Found a blossoming altar of Fedhas.
 21878 | D:15     | Found a staircase to the Depths.
 22372 | Lair:2   | You fall into a shaft and drop 2 floors!
 22510 | Lair:4   | Reached skill level 15 in Conjurations
 22540 | Lair:3   | Offered knowledge of Conjure Ball Lightning by Vehumet.
 22548 | Lair:3   | Learned a level 6 spell: Conjure Ball Lightning
 22986 | Lair:3   | Found a staircase to the Snake Pit.
 24311 | Lair:4   | Found a staircase to the Shoals.
 25318 | Lair:5   | Reached XP level 15. HP: 102/113 MP: 31/34
 25602 | Lair:6   | Entered Level 6 of the Lair of Beasts
 25606 | Lair:6   | Reached skill level 10 in Ice Magic
 25977 | Lair:6   | Offered knowledge of Freezing Cloud by Vehumet.
 25985 | Lair:6   | Learned a level 6 spell: Freezing Cloud
 26045 | Lair:6   | Reached skill level 16 in Spellcasting
 26271 | Lair:6   | Found a runed translucent gate.
 26272 | Lair:6   | Found a runed translucent gate.
 26273 | Lair:6   | Found a runed translucent gate.
 26280 | Lair:6   | Noticed AlterAsc's ghost (journeyman DsGl)
 26280 | Lair:6   | Noticed Xerdoz's ghost (journeyman OpTm)
 26280 | Lair:6   | Noticed Xerdoz's ghost (journeyman OpTm)
 26301 | Lair:6   | Found a staircase to the Slime Pits.
 27150 | Lair:6   | Killed AlterAsc's ghost
 27153 | Lair:6   | Killed Xerdoz's ghost
 27156 | Lair:6   | Killed Xerdoz's ghost
 27171 | Lair:6   | Got a sapphire scythe
 27182 | Lair:6   | Identified the +7 scythe of Eternal Harmony {protect, +Inv
                  | rPois Dex+2} (You found it on level 6 of the Lair of
                  | Beasts)
 27400 | Orc:1    | Entered Level 1 of the Orcish Mines
 27400 | Orc:1    | Noticed an orc warlord
 27524 | D:10     | Killed an orc warlord
 27691 | D:10     | Identified a scroll of acquirement
 27834 | Orc:1    | Found a runed translucent door.
 27838 | Orc:1    | Found the +10 large shield of Ignorance {rN+ Int-4}
 27953 | Orc:1    | Found a runed translucent door.
 28308 | Orc:2    | Entered Level 2 of the Orcish Mines
 28851 | Orc:2    | Reached ****** piety under Vehumet
 28900 | Orc:2    | Offered knowledge of Iron Shot by Vehumet.
 29164 | Orc:2    | Noticed an orc warlord
 29236 | Orc:2    | Killed an orc warlord
 29641 | Orc:2    | Found a staircase to the Elven Halls.
 29865 | Orc:2    | Found a roughly hewn altar of Beogh.
 29894 | Orc:2    | Learned a level 6 spell: Iron Shot
 29962 | Orc:2    | Found Teabbi's Book Shop.
 29991 | Orc:2    | Reached skill level 1 in Polearms
 30169 | Orc:2    | Found Dimion's Food Boutique.
 30613 | Orc:2    | Found a roughly hewn altar of Beogh.
 30630 | Orc:2    | Noticed Saint Roka
 30647 | Orc:2    | Offered knowledge of Ozocubu's Refrigeration by Vehumet.
 31227 | Orc:2    | Killed Saint Roka
 31227 | Orc:2    | Reached XP level 16. HP: 66/121 MP: 12/36
 31606 | Orc:2    | Found Laiff's Assorted Antiques.
 31610 | Orc:2    | Bought a potion of curing for 93 gold pieces
 31610 | Orc:2    | Bought a scroll of magic mapping for 108 gold pieces
 31610 | Orc:2    | Bought a hardcover book for 465 gold pieces
 31610 | Orc:2    | Bought a knobbly jewelled staff for 372 gold pieces
 31622 | Orc:2    | Found Omeiwe's Jewellery Shop.
 32010 | Snake:1  | Entered Level 1 of the Snake Pit
 32018 | Lair:3   | Reached skill level 17 in Spellcasting
 32545 | Snake:1  | Noticed Jorgrun
 32560 | Snake:1  | Killed Jorgrun
 33098 | Snake:1  | Found Secao's Gadget Shop.
 33099 | Snake:1  | Found Rointic's Jewellery Shoppe.
 33100 | Snake:1  | Found Tevoeb's Gadget Shop.
 33253 | Snake:1  | Found Archics's Antique Weapon Emporium.
 33568 | Snake:2  | Noticed Vashnia
 33815 | Snake:2  | Noticed Aizul
 34485 | Snake:1  | HP: 6/121 [poisoned by a black mamba]
 34490 | Snake:1  | HP: 5/121 [poisoned by a black mamba]
 34495 | Snake:1  | HP: 4/121 [poisoned by a black mamba]
 34502 | Snake:1  | HP: 4/121 [poisoned by a black mamba]
 34510 | Snake:1  | HP: 5/121 [poisoned by a black mamba]
 34975 | Shoals:1 | Entered Level 1 of the Shoals
 35143 | Shoals:1 | Offered knowledge of Orb of Destruction by Vehumet.
 35152 | Shoals:1 | Learned a level 7 spell: Orb of Destruction
 35285 | Shoals:1 | Found a runed translucent door.
 35286 | Shoals:1 | Found a shimmering altar of Xom.
 35286 | Shoals:1 | Noticed Alannah's ghost (journeyman GrFi)
 35286 | Shoals:1 | Identified the +9 battleaxe of Gluttony {chaos, -Tele MR+
                  | Int+3}
 37425 | Shoals:2 | Reached skill level 18 in Spellcasting
 39022 | Shoals:3 | Reached XP level 17. HP: 73/128 MP: 30/39
 39959 | Snake:2  | Killed Aizul
 40050 | Snake:2  | Noticed Agnes
 40053 | Snake:2  | Killed Agnes
 40078 | Snake:2  | Noticed Roxanne
 40091 | Snake:2  | Killed Roxanne
 40783 | Snake:2  | Noticed Asterion
 41419 | Snake:2  | Reached skill level 5 in Stealth
 41706 | Snake:2  | Killed Asterion
 42548 | Snake:2  | Killed Vashnia
 42915 | Snake:3  | Reached skill level 19 in Spellcasting
 45207 | Snake:4  | Entered Level 4 of the Snake Pit
 46126 | Snake:4  | Reached XP level 18. HP: 135/135 MP: 21/41
 46143 | Snake:4  | Offered knowledge of Glaciate by Vehumet.
 46143 | Snake:4  | Offered knowledge of Chain Lightning by Vehumet.
 46143 | Snake:4  | Offered knowledge of Tornado by Vehumet.
 46537 | Snake:4  | Learned a level 9 spell: Glaciate
 48421 | Snake:4  | Got a serpentine rune of Zot
 48501 | Snake:4  | Found a gateway to a bazaar.
 50334 | Shoals:4 | Entered Level 4 of the Shoals
 50641 | Shoals:4 | Identified the ring "Woloridu" {Fire rPois Stlth+}
 50832 | Shoals:4 | HP: 7/141 [water nymph/the raging water (21)]
 51614 | Shoals:4 | Reached XP level 19. HP: 148/148 MP: 34/42
 51698 | Shoals:4 | Identified the +10 flail of Pandemonium {drain, rN+ MR-
                  | Int+4}
 52464 | Shoals:4 | Reached skill level 20 in Spellcasting
 52501 | Shoals:4 | Got a barnacled rune of Zot
 53024 | Shoals:4 | Identified Naxku's Disquisition on Enchantment and the
                  | Entourage
 53358 | Elf:1    | Entered Level 1 of the Elven Halls
 54754 | Elf:1    | Found Tetroef's Weapon Shop.
 54771 | Elf:1    | Got a dazzling flail
 55754 | Elf:1    | Killed from afar by a deep elf knight

Levels and vault maps discovered:
D:1:      eino_arrival_cavern_b, layout_loops_corners
D:2:      layout_loops_ring, kennysheep_slug_shrine,
          nicolae_overflow_crystal_walls
D:3:      layout_loops_ring, tso_metal_star,
          nicolae_ru_great_annihilating_truth, grunt_gozag_breadcrumbs,
          nicolae_dithmenos_shadow_blocks, kennysheep_another_room, uniq_grinder
D:4:      layout_loops_ring, kennysheep_little_box, first_ration, uniq_robin,
          uniq_pikel
D:5:      layout_basic, minmay_temple_entry_junction, minivault_11
D:6:      layout_loops_ring, led_sif_pool, lemuel_round_altar
D:7:      layout_basic, kennysheep_mini, kennysheep_mini_moat, serial_shops,
          shop
D:8:      layout_basic, zin_purify, overflow_temple_1_default
D:9:      layout_gridville, serial_shops, shop, uniq_maurice
D:10:     gammafunk_sealed_arena, layout_basic, erik_lair_orcish_takeover,
          erik_orc_1, enter_trove_5, uniq_grum
D:11:     layout_basic
D:12:     layout_basic, serial_shops, nicolae_shop_trees, uniq_nergalle
D:13:     layout_long_grid, portal_ice_cave_entry_pillars_1,
          gauntlet_entry_generic, hangedman_pestilent_swarm,
          lemuel_flamethrower_3
D:14:     layout_irregular_city, lightli_vaults_fourway_checkpoint,
          infiniplex_staircase_split_hallway, serial_shops, shop,
          nicolae_shop_statue_plus, solitary_fountain
D:15:     gammafunk_enter_depths_forms, layout_basic, basic_altar,
          roderic_lattice_a, uniq_kirke
Temple:   jpeg_temple_island
Lair:1:   layout_layer_cave, serial_rivers, chequers_serial_rivers_room_a,
          chequers_serial_rivers_large_a, chequers_serial_rivers_small_3,
          chequers_serial_rivers_micro_a, uniq_gastronok
Lair:2:   layout_cave_pods, serial_bayou, serial_bayou_ford_a,
          serial_bayou_lagoon_a, serial_bayou_pond_d, serial_bayou_pond_d,
          grunt_megastairs_5
Lair:3:   layout_roguey, minmay_snake_entry_guardpost_small,
          kennysheep_basilisk_garden, infiniplex_staircase_pool
Lair:4:   layout_small_grid, minmay_shoals_entry_centaurs,
          cheibrodos_lair_caveside_slide
Lair:5:   layout_cave_shapes, grunt_megastairs_1
Lair:6:   grunt_lair_end_beastmaster, layout_loops_ring, slime_dummy,
          gammafunk_ghost_cemetery, guppyfry_lair_drakes
Shoals:1: layout_shoals, ebering_ghost_xom, kb_tengu_band
Shoals:2: cheibrodos_shoals_oceanic_diplomacy, layout_shoals
Shoals:3: layout_shoals, nicolae_shoals_seven_spires
Shoals:4: shoals_end_grunt_ice, layout_shoals
Snake:1:  layout_onion, serial_shops, shop, minmay_shop_grove,
          grunt_megastairs_4, lemuel_fruit_tree, uniq_jorgrun
Snake:2:  layout_misc_corridors, serial_bayou_pond_e, drop_trap, uniq_vashnia,
          uniq_aizul, uniq_agnes, uniq_asterion, uniq_roxanne
Snake:3:  layout_chambers
Snake:4:  grunt_snake_rune_spirals, layout_onion, serial_shops, bzr_entry_dummy,
          drop_trap, hangedman_snake_corridor_cut
Orc:1:    layout_caves, chequers_guarded_unrand_ignorance
Orc:2:    pubby_orc_utopia, uniq_saint_roka
Elf:1:    elf_arrival_001, layout_onion_city, serial_shops, shop,
          hangedman_elf_disciples
Elf:2:    layout_loops_ring

Skill      XL: |  1  2  3  4  5  6  7  8  9 10 11 12 13 14 15 16 17 18 19 |
---------------+----------------------------------------------------------+-----
Dodging        | 2 3 4 5 6 7 |  7.5
Stealth        | 2 3 4 5 |  5.1
Conjurations   | 5 6 7 8 10 11 12 14 15 16 17 18 19 | 19.7
Spellcasting   | 3 4 5 6 8 10 11 12 13 14 15 16 18 19 20 | 20.2
Fighting       | 1 2 3 4 5 6 8 9 |  9.3
Ice Magic      | 2 4 6 8 9 11 12 13 | 13.7
Evocations     | 1 |  1.2
Polearms       | 1 |  1.2
Air Magic      | |  0.2

Action                   |  1- 3 |  4- 6 |  7- 9 | 10-12 | 13-15 | 16-18 | 19-21 || total
-------------------------+-------+-------+-------+-------+-------+-------+-------++-------
Melee: Unarmed           |    16 |       |       |       |       |       |       ||    16
       Tailslap          |     4 |       |    15 |    17 |     4 |       |     1 ||    41
       Dagger            |    30 |       |       |       |       |       |       ||    30
       Short sword       |       |    45 |   107 |    36 |       |       |       ||   188
       Rapier            |       |       |       |    75 |    19 |       |     9 ||   103
       Staff             |       |       |       |       |    17 |     1 |     9 ||    27
       Scythe            |       |       |       |       |    13 |     5 |       ||    18
       Bite              |       |       |       |       |     2 |       |     3 ||     5
 Cast: Magic Dart        |    65 |   129 |   288 |   166 |    15 |     2 |       ||   665
       Iskenderun's Myst |       |       |    23 |   347 |   832 |   560 |   106 ||  1868
       Throw Frost       |       |       |       |    12 |       |     1 |       ||    13
       Throw Icicle      |       |       |       |    12 |    86 |   445 |   129 ||   672
       Freezing Cloud    |       |       |       |       |     4 |       |       ||     4
       Orb of Destructio |       |       |       |       |       |    93 |    14 ||   107
       Bolt of Fire      |       |       |       |       |       |     1 |       ||     1
 Abil: Breathe Acid      |       |       |     7 |    27 |    43 |    20 |     3 ||   100
       Evoke Invisibilit |       |       |       |       |       |       |     1 ||     1
Evoke: Wand              |       |       |       |     3 |     1 |       |     5 ||     9
  Use: Scroll            |     2 |       |     6 |    12 |    16 |    17 |     2 ||    55
       Potion            |       |       |     1 |     4 |     2 |    14 |       ||    21
  Eat: Chunk             |     4 |     6 |    11 |    30 |    29 |    27 |    10 ||   117
       Ration            |       |       |     2 |     2 |     7 |    19 |     2 ||    32
Armor: Skin              |    10 |    15 |    44 |    85 |    91 |   154 |    20 ||   419
Dodge: Dodged            |    25 |    40 |    98 |   135 |   160 |   279 |    27 ||   764
